TOP OF THE 1ST |
Orem Owlz batting - Pitching for Detroit (APP) Tigers : RHP Dave Valdez
|
Pitching: RHP Dave Valdez
|
|
Batting: SHB Butch Brown
|
0-0: Ball 1-0: Called Strike 1-1: Ball 2-1: Swinging Strike 2-2: Ground out U3 (Groundball, 3, EV 85.0 MPH)
|
Batting: LHB Justin Alexander
|
0-0: Called Strike 0-1: Ball 1-1: Ball 2-1: Ground out 4-3 (Groundball, 4, EV 82.5 MPH)
|
Batting: LHB Brett Bugge
|
0-0: Called Strike 0-1: Ball 1-1: Ball 2-1: Ball 3-1: Swinging Strike 3-2: Base on Balls
|
Batting: RHB Mike Alm
|
0-0: Ball 1-0: Foul Ball, location: 2F 1-1: Ball 2-1: Ball 3-1: Base on Balls Brett Bugge to second
|
Batting: RHB Ryan Pelletier
|
0-0: Ground out 4-3 (Groundball, 4, EV 88.8 MPH)
|
Top of the 1st over - 0 runs, 0 hits, 0 errors, 2 left on base; Orem 0 - Detroit (APP) 0 |
BOTTOM OF THE 1ST |
Detroit (APP) Tigers batting - Pitching for Orem Owlz : RHP Luis Cabrera
|
Pitching: RHP Luis Cabrera
|
|
Batting: RHB Jon Goldstein
|
0-0: Foul Ball, location: 2F 0-1: Ball 1-1: Bunt for hit to 15S - play at first, batter OUT! 1-3
|
Batting: RHB Brandon O'Malley
|
0-0: Called Strike 0-1: Ball 1-1: Swinging Strike 1-2: Strikes out swinging
|
Batting: LHB Jon Pedlar
|
0-0: Called Strike 0-1: Ball 1-1: Swinging Strike 1-2: Ball 2-2: Foul Ball, location: 2F 2-2: Foul Ball, location: 2F 2-2: Strikes out looking
|
Bottom of the 1st over - 0 runs, 0 hits, 0 errors, 0 left on base; Orem 0 - Detroit (APP) 0 |
TOP OF THE 2ND |
Orem Owlz batting - Pitching for Detroit (APP) Tigers : RHP Dave Valdez
|
Batting: RHB Danny Bjarnson
|
0-0: Ball 1-0: Swinging Strike 1-1: Ground out 4-3 (Groundball, 4, EV 95.6 MPH)
|
Batting: RHB J.R. Roberts
|
0-0: Called Strike 0-1: Ball 1-1: Ball 2-1: Ball 3-1: Base on Balls
|
Batting: RHB Kinya Nishimura
|
0-0: Ball J.R. Roberts steals 2nd base 1-0: Ground out 6-3 (Groundball, 6M, EV 95.0 MPH) J.R. Roberts to third
|
Batting: RHB Malachi Ephron
|
0-0: Called Strike 0-1: Ball 1-1: Reached on error, E4 (Groundball, 4, EV 84.4 MPH) J.R. Roberts scores
|
Batting: SHB Butch Brown
|
0-0: Ball 1-0: Foul Ball, location: 2F 1-1: Ball 2-1: Foul Ball, location: 2F 2-2: Ball 3-2: Foul Ball, location: 2F 3-2: Ground out 4-3 (Groundball, 4, EV 91.9 MPH)
|
Top of the 2nd over - 1 run, 0 hits, 1 error, 1 left on base; Orem 1 - Detroit (APP) 0 |
BOTTOM OF THE 2ND |
Detroit (APP) Tigers batting - Pitching for Orem Owlz : RHP Luis Cabrera
|
Batting: SHB Sean Foley
|
0-0: Called Strike 0-1: Ball 1-1: Fly out, F4 (Popup, 4S, EV 65.6 MPH)
|
Batting: LHB Bill Ford
|
0-0: Called Strike 0-1: Ball 1-1: Foul Ball, location: 2F 1-2: Ball 2-2: Strikes out swinging
|
Batting: LHB Tokugoro Adachi
|
0-0: Swinging Strike 0-1: Swinging Strike 0-2: Ball 1-2: Strikes out swinging
|
Bottom of the 2nd over - 0 runs, 0 hits, 0 errors, 0 left on base; Orem 1 - Detroit (APP) 0 |
TOP OF THE 3RD |
Orem Owlz batting - Pitching for Detroit (APP) Tigers : RHP Dave Valdez
|
Batting: LHB Justin Alexander
|
0-0: Ground out 4-3 (Groundball, 4, EV 88.8 MPH)
|
Batting: LHB Brett Bugge
|
0-0: Called Strike 0-1: Ball 1-1: Ball 2-1: SINGLE (Groundball, 6MD, EV 100.0 MPH)
|
Batting: RHB Mike Alm
|
0-0: Foul Ball, location: 2F 0-1: Ball 1-1: SINGLE (Line Drive, 78S, EV 102.5 MPH) Brett Bugge to second
|
Batting: RHB Ryan Pelletier
|
0-0: Called Strike 0-1: Ball 1-1: Ball 2-1: Foul Ball, location: 2F 2-2: Strikes out looking
|
Batting: RHB Danny Bjarnson
|
0-0: Foul Ball, location: 2F 0-1: Fly out, F8 (Flyball, 89D, EV 91.9 MPH)
|
Top of the 3rd over - 0 runs, 2 hits, 0 errors, 2 left on base; Orem 1 - Detroit (APP) 0 |
BOTTOM OF THE 3RD |
Detroit (APP) Tigers batting - Pitching for Orem Owlz : RHP Luis Cabrera
|
Batting: RHB Billy Verdusco
|
0-0: Ball 1-0: Foul Ball, location: 2F 1-1: Ground out U3 (Groundball, 13, EV 81.3 MPH)
|
Batting: RHB Riley Menger
|
0-0: Fly out, F4 (Line Drive, 4, EV 66.9 MPH)
|
Batting: RHB Cory Wilkins
|
0-0: Called Strike 0-1: Ball 1-1: Ball 2-1: Foul Ball, location: 2F 2-2: Ball 3-2: Foul Ball, location: 2F 3-2: Strikes out swinging
|
Bottom of the 3rd over - 0 runs, 0 hits, 0 errors, 0 left on base; Orem 1 - Detroit (APP) 0 |
TOP OF THE 4TH |
Orem Owlz batting - Pitching for Detroit (APP) Tigers : RHP Dave Valdez
|
Batting: RHB J.R. Roberts
|
0-0: Called Strike 0-1: Ball 1-1: Ball 2-1: Ball 3-1: Base on Balls
|
Batting: RHB Kinya Nishimura
|
0-0: Called Strike 0-1: Ball 1-1: Called Strike 1-2: Foul Ball, location: 2F 1-2: Foul Ball, location: 2F 1-2: 2-RUN HOME RUN (Flyball, 7D, EV 94.4 MPH), Distance : 374 ft
|
Batting: RHB Malachi Ephron
|
0-0: Ball 1-0: Ball 2-0: Ball 3-0: Base on Balls
|
Batting: SHB Butch Brown
|
0-0: Called Strike 0-1: Ball 1-1: Foul Ball, location: 2F 1-2: Strikes out looking
|
Batting: LHB Justin Alexander
|
0-0: Called Strike 0-1: Foul Ball, location: 2F 0-2: Ball 1-2: Ball 2-2: SINGLE (Groundball, 56D, EV 94.4 MPH) Malachi Ephron to second
|
Batting: LHB Brett Bugge
|
0-0: DOUBLE (Line Drive, 3D, EV 104.4 MPH) Malachi Ephron scores Justin Alexander to third Runner from 3rd tries for Home, throw by RF and OUT! 9-4-2 Brett Bugge to third
|
Batting: RHB Mike Alm
|
0-0: Swinging Strike 0-1: Foul Ball, location: 2F 0-2: Strikes out swinging
|
Top of the 4th over - 3 runs, 3 hits, 0 errors, 1 left on base; Orem 4 - Detroit (APP) 0 |
BOTTOM OF THE 4TH |
Detroit (APP) Tigers batting - Pitching for Orem Owlz : RHP Luis Cabrera
|
Batting: RHB Jon Goldstein
|
0-0: Called Strike 0-1: Swinging Strike 0-2: Ball 1-2: Fly out, F4 (Popup, 34, EV 62.5 MPH)
|
Batting: RHB Brandon O'Malley
|
0-0: Foul Ball, location: 2F 0-1: Ball 1-1: Ball 2-1: Swinging Strike 2-2: Strikes out swinging
|
Batting: LHB Jon Pedlar
|
0-0: Ground out 4-3 (Groundball, 34, EV 85.0 MPH)
|
Bottom of the 4th over - 0 runs, 0 hits, 0 errors, 0 left on base; Orem 4 - Detroit (APP) 0 |
TOP OF THE 5TH |
Orem Owlz batting - Pitching for Detroit (APP) Tigers : RHP Dave Valdez
|
Pitching: LHP Josh Sinclair
|
|
Batting: RHB Ryan Pelletier
|
0-0: Ball 1-0: SINGLE (Groundball, 6, EV 105.6 MPH)
|
Batting: RHB Danny Bjarnson
|
0-0: Ball 1-0: Called Strike 1-1: SINGLE (Groundball, 56, EV 100.6 MPH) (infield hit) Ryan Pelletier to second
|
Batting: RHB J.R. Roberts
|
0-0: Called Strike 0-1: SINGLE (Line Drive, 56D, EV 105.0 MPH) Ryan Pelletier to third Danny Bjarnson to second
|
Batting: RHB Kinya Nishimura
|
0-0: Called Strike 0-1: Ball 1-1: Foul Ball, location: 2F 1-2: Foul Ball, location: 2F 1-2: Strikes out swinging
|
Batting: RHB Malachi Ephron
|
0-0: Ball 1-0: Swinging Strike 1-1: Called Strike 1-2: Strikes out swinging
|
Batting: SHB Butch Brown
|
0-0: Fly out, F4 (Popup, 23, EV 87.5 MPH)
|
Top of the 5th over - 0 runs, 3 hits, 0 errors, 3 left on base; Orem 4 - Detroit (APP) 0 |
BOTTOM OF THE 5TH |
Detroit (APP) Tigers batting - Pitching for Orem Owlz : RHP Luis Cabrera
|
Batting: SHB Sean Foley
|
0-0: Ball 1-0: Ball 2-0: Ball 3-0: Base on Balls
|
Batting: LHB Bill Ford
|
0-0: Ball 1-0: Ball 2-0: Ball 3-0: Base on Balls Sean Foley to second
|
Batting: LHB Tokugoro Adachi
|
0-0: Ball 1-0: Called Strike 1-1: Swinging Strike 1-2: Ball 2-2: Ball 3-2: Foul Ball, location: 2F 3-2: Base on Balls Sean Foley to third Bill Ford to second
|
Batting: RHB Billy Verdusco
|
0-0: Called Strike 0-1: Ball 1-1: Ball 2-1: Swinging Strike 2-2: Fielders Choice at 2nd, 3-6 (Groundball, 34, EV 92.5 MPH) Sean Foley scores Bill Ford to third
|
Batting: RHB Riley Menger
|
0-0: Ball 1-0: Called Strike Billy Verdusco steals 2nd base 1-1: Called Strike 1-2: Foul Ball, location: 2F 1-2: Foul Ball, location: 2F 1-2: Foul Ball, location: 2F 1-2: Ground out U3 (Groundball, 13, EV 84.4 MPH) Bill Ford scores Billy Verdusco to third
|
Batting: RHB Cory Wilkins
|
0-0: Ball 1-0: Ball 2-0: Fly out, F3 (Popup, 23F, EV 75.6 MPH)
|
Bottom of the 5th over - 2 runs, 0 hits, 0 errors, 1 left on base; Orem 4 - Detroit (APP) 2 |
TOP OF THE 6TH |
Orem Owlz batting - Pitching for Detroit (APP) Tigers : LHP Josh Sinclair
|
Batting: LHB Justin Alexander
|
0-0: Ball 1-0: Ball 2-0: Ball 3-0: Called Strike 3-1: Swinging Strike 3-2: Strikes out looking
|
Batting: LHB Brett Bugge
|
0-0: Ball 1-0: Called Strike 1-1: Swinging Strike 1-2: Foul Ball, location: 2F 1-2: Ball 2-2: Strikes out swinging
|
Batting: RHB Mike Alm
|
0-0: Called Strike 0-1: Ball 1-1: Foul Ball, location: 2F 1-2: Ball 2-2: Ball 3-2: Base on Balls
|
Batting: RHB Ryan Pelletier
|
0-0: Ball 1-0: Called Strike 1-1: Ball 2-1: Ball 3-1: Foul Ball, location: 2F 3-2: Ground out 5-3 (Groundball, 56S, EV 58.1 MPH)
|
Top of the 6th over - 0 runs, 0 hits, 0 errors, 1 left on base; Orem 4 - Detroit (APP) 2 |
BOTTOM OF THE 6TH |
Detroit (APP) Tigers batting - Pitching for Orem Owlz : RHP Luis Cabrera
|
Pitching: RHP Troy Ingram
|
|
Batting: RHB Jon Goldstein
|
0-0: Called Strike 0-1: Called Strike 0-2: Fly out, F5 (Popup, 56S, EV 80.6 MPH)
|
Batting: RHB Brandon O'Malley
|
0-0: Foul Ball, location: 2F 0-1: Foul Ball, location: 2F 0-2: Ball 1-2: Ball 2-2: Strikes out swinging
|
Batting: LHB Jon Pedlar
|
0-0: Ball 1-0: Ball 2-0: Called Strike 2-1: Foul Ball, location: 2F 2-2: SINGLE (Groundball, 4D, EV 103.8 MPH)
|
Batting: SHB Sean Foley
|
0-0: Ball 1-0: Called Strike 1-1: Foul Ball, location: 2F 1-2: Ball 2-2: DOUBLE (Line Drive, 9LS, EV 89.4 MPH) Jon Pedlar to third
|
Batting: LHB Bill Ford
|
0-0: Ball 1-0: Ground out 6-3 (Groundball, 6, EV 83.1 MPH)
|
Bottom of the 6th over - 0 runs, 2 hits, 0 errors, 2 left on base; Orem 4 - Detroit (APP) 2 |
TOP OF THE 7TH |
Orem Owlz batting - Pitching for Detroit (APP) Tigers : LHP Josh Sinclair
|
Pitching: RHP Adam Fisher
|
|
Batting: RHB Danny Bjarnson
|
0-0: Called Strike 0-1: Ball 1-1: Swinging Strike 1-2: Strikes out swinging
|
Batting: RHB J.R. Roberts
|
0-0: Called Strike 0-1: Ball 1-1: SINGLE (Flyball, 78S, EV 93.8 MPH)
|
Batting: RHB Kinya Nishimura
|
0-0: Called Strike 0-1: Fly out, F9 (Line Drive, 9D, EV 103.1 MPH)
|
Batting: RHB Malachi Ephron
|
0-0: Fly out, F9 (Flyball, 9D, EV 94.4 MPH)
|
Top of the 7th over - 0 runs, 1 hit, 0 errors, 1 left on base; Orem 4 - Detroit (APP) 2 |
BOTTOM OF THE 7TH |
Detroit (APP) Tigers batting - Pitching for Orem Owlz : RHP Troy Ingram
|
Pitching: RHP Ed Raleigh
|
|
Batting: LHB Tokugoro Adachi
|
0-0: SOLO HOME RUN (Flyball, 9D, EV 96.3 MPH), Distance : 363 ft
|
Batting: RHB Billy Verdusco
|
0-0: Called Strike 0-1: Ball 1-1: Fly out, F7 (Flyball, 7LS, EV 90.6 MPH)
|
Batting: RHB Riley Menger
|
0-0: Called Strike 0-1: Ball 1-1: Ball 2-1: Swinging Strike 2-2: Fly out, F9 (Flyball, 9, EV 91.9 MPH)
|
Batting: RHB Cory Wilkins
|
0-0: Foul Ball, location: 2F 0-1: Ball 1-1: Ground out 5-3 (Groundball, 56, EV 85.0 MPH)
|
Bottom of the 7th over - 1 run, 1 hit, 0 errors, 0 left on base; Orem 4 - Detroit (APP) 3 |
TOP OF THE 8TH |
Orem Owlz batting - Pitching for Detroit (APP) Tigers : RHP Adam Fisher
|
Batting: SHB Butch Brown
|
0-0: Ball 1-0: Foul Ball, location: 2F 1-1: Called Strike 1-2: SINGLE (Groundball, 6M, EV 103.1 MPH) (infield hit)
|
Batting: LHB Justin Alexander
|
0-0: Bunt missed! 0-1: Bunted foul 0-2: Ball 1-2: Ball 2-2: Strikes out swinging
|
Batting: LHB Brett Bugge
|
0-0: Called Strike Butch Brown steals 2nd base 0-1: Ball 1-1: Ball 2-1: Swinging Strike 2-2: DOUBLE (Flyball, 8LXD, EV 100.6 MPH) Butch Brown scores
|
Batting: RHB Mike Alm
|
0-0: Called Strike 0-1: Ball 1-1: Ball 2-1: Fly out, F9 (Line Drive, 9, EV 95.0 MPH)
|
Batting: RHB Ryan Pelletier
|
0-0: Called Strike 0-1: Ground out 1-3 (Groundball, 15, EV 71.9 MPH)
|
Top of the 8th over - 1 run, 2 hits, 0 errors, 1 left on base; Orem 5 - Detroit (APP) 3 |
BOTTOM OF THE 8TH |
Detroit (APP) Tigers batting - Pitching for Orem Owlz : RHP Ed Raleigh
|
Batting: RHB Jon Goldstein
|
0-0: Ball 1-0: Ball 2-0: Ball 3-0: Called Strike 3-1: Called Strike 3-2: Base on Balls
|
Batting: RHB Brandon O'Malley
|
0-0: Swinging Strike 0-1: Called Strike 0-2: SINGLE (Flyball, 7LS, EV 91.3 MPH) Jon Goldstein to second
|
Pitching: RHP Simon Vogel
|
|
Batting: LHB Jon Pedlar
|
0-0: Fly out, F6 (Popup, 6MS, EV 60.0 MPH)
|
Batting: SHB Sean Foley
|
0-0: Ball Wild Pitch! Jon Goldstein to third Brandon O'Malley to second 1-0: Called Strike 1-1: Ball 2-1: Ground out 4-3 (Groundball, 4, EV 81.3 MPH) Jon Goldstein scores Brandon O'Malley to third
|
Batting: LHB Bill Ford
|
0-0: Ball 1-0: SINGLE (Groundball, 56D, EV 96.3 MPH) Brandon O'Malley scores
|
Batting: LHB Tokugoro Adachi
|
0-0: Ball 1-0: Called Strike Bill Ford steals 2nd base 1-1: Ball 2-1: Foul Ball, location: 2F 2-2: Ball 3-2: Foul Ball, location: 2F 3-2: Strikes out looking
|
Bottom of the 8th over - 2 runs, 2 hits, 0 errors, 1 left on base; Orem 5 - Detroit (APP) 5 |
TOP OF THE 9TH |
Orem Owlz batting - Pitching for Detroit (APP) Tigers : RHP Adam Fisher
|
Pitching: RHP Kyle Moore
|
|
Batting: RHB Danny Bjarnson
|
0-0: Ball 1-0: Called Strike 1-1: DOUBLE (Line Drive, 7LM, EV 103.1 MPH)
|
Pinch Hitting: LHB Nick Isaac
|
0-0: Intentional Walk
|
Batting: RHB Kinya Nishimura
|
0-0: Called Strike 0-1: Foul Ball, location: 2F 0-2: Strikes out looking
|
Batting: RHB Malachi Ephron
|
0-0: Swinging Strike 0-1: Called Strike 0-2: Foul Ball, location: 2F 0-2: Foul Ball, location: 2F 0-2: Ball 1-2: Strikes out swinging
|
Batting: SHB Butch Brown
|
0-0: Foul Ball, location: 2F 0-1: Ball 1-1: Ball 2-1: Ball 3-1: Base on Balls Danny Bjarnson to third Nick Isaac to second
|
Batting: LHB Justin Alexander
|
0-0: Ball 1-0: Ball 2-0: Ball 3-0: Called Strike 3-1: Base on Balls Danny Bjarnson scores Nick Isaac to third Butch Brown to second
|
Batting: LHB Brett Bugge
|
0-0: SINGLE (Groundball, 56S, EV 68.8 MPH) (infield hit) Nick Isaac scores Butch Brown to third Justin Alexander to second
|
Batting: RHB Mike Alm
|
0-0: Fielders Choice at 2nd, 6-4 (Groundball, 6, EV 109.4 MPH)
|
Top of the 9th over - 2 runs, 2 hits, 0 errors, 3 left on base; Orem 7 - Detroit (APP) 5 |
BOTTOM OF THE 9TH |
Detroit (APP) Tigers batting - Pitching for Orem Owlz : RHP Simon Vogel
|
Pitching: RHP Danny Nava
|
|
Now at 1B: Roger Payne
|
|
Batting: RHB Billy Verdusco
|
0-0: Foul Ball, location: 2F 0-1: Foul Ball, location: 2F 0-2: Strikes out swinging
|
Batting: RHB Riley Menger
|
0-0: Foul Ball, location: 2F 0-1: Ball 1-1: Ball 2-1: Swinging Strike 2-2: Ground out U3 (Groundball, 34, EV 85.6 MPH)
|
Pinch Hitting: RHB Mike Patterson
|
0-0: Ball 1-0: Foul Ball, location: 2F 1-1: Ball 2-1: Foul Ball, location: 2F 2-2: Strikes out looking
|
Bottom of the 9th over - 0 runs, 0 hits, 0 errors, 0 left on base; Orem 7 - Detroit (APP) 5 |
|